 Dungeon Crawl Stone Soup version 0.30-a0-743-gbfdf073431 (webtiles) character file.

Game seed: 9478397348645476576

197036 BubbleThief the Warrior (level 17, -9/153 HPs)
             Began as a Demonspawn Gladiator on Feb 7, 2023.
             Was the Champion of Makhleb.
             Shot with a bolt by a naga sharpshooter (15 damage)
             ... led by Vashnia
             ... on level 2 of the Snake Pit.
             The game lasted 01:11:14 (34393 turns).

BubbleThief the Warrior (Demonspawn Gladiator)     Turns: 34393, Time: 01:11:14

Health: -9/153     AC: 33    Str: 21    XL:     17   Next: 76%
Magic:  28/28      EV: 15    Int: 11    God:    Makhleb [******]
Gold:   1504       SH:  0    Dex: 13    Spells: 16/16 levels left

rFire   . . .      SeeInvis .    l - +5 trident (heavy)
rCold   . . .      Faith    .    (no shield)
rNeg    + . .      Spirit   .    K - +5 pearl dragon scales
rPois   +          Reflect  .    q - +1 helmet
rElec   .          Harm     .    y - +2 cloak
rCorr   +          Rampage  .    (gloves unavailable)
Will    +....                    M - +0 pair of boots of Caprec {Regen+ rCorr Dex-2}
Stlth   +                        c - amulet of magic regeneration
HPRegen 1.25/turn                a - +4 ring of protection
MPRegen 0.61/turn                P - ring of poison resistance

@: lethally poisoned (-9 -> -9)
A: demonic guardian 2, powered by death 1, sturdy frame 2, demonic touch 3
}: 1/15 runes: decaying
a: Renounce Religion, Minor Destruction, Lesser Servant of Makhleb, Major
Destruction, Greater Servant of Makhleb


You were on level 2 of the Snake Pit.
You worshipped Makhleb.
Makhleb was exalted by your worship.
You visited 5 branches of the dungeon, and saw 28 of its levels.
You visited the Abyss 1 time.
You also visited: Gauntlet and Ice Cave.

You collected 3439 gold pieces.
You spent 1935 gold pieces at shops.

Inventory:

Hand Weapons
 l - a +5 heavy trident (weapon)
 S - a +4 heavy glaive
Missiles
 e - 16 javelins (quivered)
 n - 3 curare-tipped darts
 A - 2 throwing nets
 E - 11 silver javelins
Armour
 q - a +1 helmet (worn)
 y - a +2 cloak (worn)
 K - +5 pearl dragon scales (worn)
 M - the +0 pair of boots of Caprec (worn) {Regen+ rCorr Dex-2}
   (You found it on level 13 of the Dungeon)

   Dex:       It affects your dexterity (-2).
   Regen:     It increases your rate of health regeneration.
   rCorr:     It protects you from acid and corrosion.
 Q - the +1 pair of boots "Omunuy" {rCorr}
   (You found it in a Gauntlet)

   rCorr:     It protects you from acid and corrosion.
Jewellery
 a - a +4 ring of protection (left hand)
 c - an amulet of magic regeneration (around neck)
 f - a ring of resist corrosion
 O - a +6 ring of dexterity
 P - a ring of poison resistance (right hand)
Wands
 g - a wand of light (7)
 m - a wand of mindburst (17)
 x - a wand of polymorph (8)
 B - a wand of iceblast (20)
 C - a wand of flame (50)
 I - a wand of digging (20)
 N - a wand of charming (19)
Scrolls
 h - 14 scrolls of identify
 j - 3 scrolls of amnesia
 o - 5 scrolls of enchant weapon
 p - 8 scrolls of teleportation
 s - 2 scrolls of blinking
 F - 2 scrolls of silence
 H - a scroll of butterflies
 J - 6 scrolls of fear
 T - 2 scrolls of poison
Potions
 b - 5 potions of haste
 d - a potion of ambrosia
 i - 4 potions of flight
 k - 4 potions of resistance
 r - 6 potions of mutation
 t - 3 potions of might
 u - 6 potions of lignification
 w - 6 potions of attraction
 z - 2 potions of brilliance
 D - 5 potions of invisibility
 G - 12 potions of curing
 L - a potion of berserk rage
 R - 2 potions of magic {unknown}


   Skills:
 + Level 19.3 Fighting
 - Level 14.5 Polearms
 - Level 1.7 Throwing
 - Level 15.0 Armour
 - Level 9.0 Dodging
 + Level 15.6 Invocations


You had 16 spell levels left.
You didn't know any spells.
Your spell library contained the following spells:

 Spells                   Type           Power      Damage    Failure   Level
 Beastly Appendage        Tmut           0%         N/A       45%         1
 Necrotise                Necr           0%         1d4       45%         1
 Sandblast                Erth           0%         2d4       45%         1
 Cigotuvi's Dreadful Rot  Necr/Pois/Air  0%         N/A       58%         2
 Ensorcelled Hibernation  Hex/Ice        0%         N/A       58%         2
 Lesser Beckoning         Tloc           0%         N/A       58%         2
 Passwall                 Tmut/Erth      0%         N/A       58%         2
 Wereblood                Tmut           0%         N/A       58%         2
 Dazzling Flash           Conj/Hex       0%         N/A       83%         3
 Gell's Gravitas          Tloc           0%         N/A       83%         3
 Hailstorm                Conj/Ice       0%         3d3       83%         3
 Inner Flame              Hex/Fire       0%         N/A       83%         3
 Spider Form              Tmut/Pois      0%         N/A       83%         3
 Stone Arrow              Conj/Erth      0%         3d7       83%         3
 Teleport Other           Tloc           0%         N/A       83%         3
 Vampiric Draining        Necr           0%         2d6       83%         3
 Anguish                  Hex/Necr       0%         N/A       99%         4
 Animate Dead             Necr           0%         N/A       99%         4
 Cause Fear               Hex            0%         N/A       99%         4
 Dispel Undead            Necr           0%         3d6       99%         4
 Flame Wave               Conj/Fire      0%         2d4       99%         4
 Ice Form                 Ice/Tmut       0%         N/A       99%         4
 Passage of Golubria      Tloc           0%         N/A       99%         4
 Sticky Flame             Conj/Fire      0%         2d3       99%         4
 Agony                    Necr           0%         N/A       100%        5
 Borgnjor's Vile Clutch   Necr/Erth      0%         N/A       100%        5
 Silence                  Hex/Air        0%         N/A       100%        5
 Death Channel            Necr           0%         N/A       100%        6
 Dispersal                Tloc           0%         N/A       100%        6
 Simulacrum               Ice/Necr       0%         N/A       100%        6
 Dragon Form              Tmut           0%         N/A       100%        7
 Lehudib's Crystal Spear  Conj/Erth      0%         10d2      100%        8
 Dragon's Call            Summ           0%         N/A       100%        9


Dungeon Overview and Level Annotations

Branches:
Dungeon (15/15)            Temple (0/1) D:4            Lair (5/5) D:10
  Swamp (4/4) Lair:2        Snake (2/4) Lair:2        Slime (0/5) Lair:5
    Orc (2/2) D:12            Elf (0/3) Orc:2        Vaults (0/5) D:14
 Depths (0/4) D:15          IceCv (visited)         Gauntlet (visited)

Altars:
Ashenzari
Cheibriados
Dithmenos
Fedhas
Hepliaklqana
Kikubaaqudgha
Makhleb
Nemelex Xobeh
Qazlal
Ru
Sif Muna
Wu Jian
Xom
Yredelemnul

Shops:
D:7 [   D:12 ([   D:13 (   Orc:2 :(**[   Snake:2 :

Portals:
Hell: Lair:5

Annotations:
D:10 exclusions: ice statue and orange crystal statue
Snake:2 Vashnia


Innate Abilities, Weirdness & Mutations

A demonic guardian rushes to your aid.
You regenerate a little health from kills.
Your movements are less encumbered by armour. (ER -4)
Your touch may irresistibly damage your foes and sap their willpower.


Message History

The bolt hits you.
You closely miss Vashnia.
You feel sick.
Your green death gestures at Vashnia.
The poison arrow hits Vashnia!
Vashnia partially resists.
Vashnia is poisoned.
The naga sharpshooter shoots a bolt.
The bolt hits you but does no damage.
The naga sharpshooter casts a spell.
The naga sharpshooter magically shoots a bolt.
The bolt hits you.
* * * LOW HITPOINT WARNING * * *
Vashnia spits poison at you. The splash of poison misses you.
You puncture Vashnia!
Vashnia is lightly wounded.
You feel sick.
The naga sharpshooter casts a spell.
The naga sharpshooter magically shoots a bolt.
The bolt hits you!
* * * LOW HITPOINT WARNING * * *
A demonic guardian appears!
Your green death hits Vashnia!
The naga sharpshooter shoots a bolt.
The bolt barely misses you.
Vashnia shoots an arrow.
The arrow barely misses you.
You hit Vashnia but do no damage.
Vashnia is moderately wounded.
You feel sick.
The naga sharpshooter shoots a bolt.
The bolt completely misses you.
Your green death hits Vashnia.
You hit Vashnia.
Vashnia is moderately wounded.
You feel sick.
Vashnia shoots an arrow.
The arrow hits you but does no damage.
The naga sharpshooter shoots a bolt.
The bolt hits you!!
* * * LOW HITPOINT WARNING * * *
You feel much better.
You feel sick.
Vashnia shoots an arrow.
The arrow hits you but does no damage.
The naga sharpshooter shoots a bolt.
The bolt hits you!
* * * LOW HITPOINT WARNING * * *
You are electrocuted!
* * * LOW HITPOINT WARNING * * *
The naga sharpshooter mumbles some strange words.
The naga sharpshooter magically shoots a bolt.
The bolt hits you!
You die...

#............#...#...#......##..
#............#..###..#......##..
#............#..#.#..#......##..
#........:...#.##.##.##.....##..
#............#.#...#.##.........
#............#.#...#.#..........
#.....<..............#..........
#.............23....##..........
#.............N@....##..........
#......########....)############
#......#########.....###########
#.............##.....N.....N....
#.............##.....N..).....>.
#.............##................
#.............##................
#.............##.........)......
#.............##.............^..


You could see Vashnia (strong, very poisoned, ally target), 2 naga
sharpshooters, a friendly green death (summoned) and a friendly sun demon
(summoned).

Vanquished Creatures
  A hellephant (Abyss:2)
  Rupert (Lair:4)
  Mlioglotl (Swamp:2)
  2 tentacled starspawn (Abyss:2)
  Frances (Swamp:2)
  2 thorn hunters (Swamp:4)
  Kirke (Swamp:4)
  A nagaraja (Snake:2)
  A fenstrider witch (Swamp:3)
  A frost giant (IceCv)
  Louise (Snake:2)
  A stone giant (D:15)
  6 eleionomae
  2 vampire knights (Swamp:4)
  A minotaur (Gauntlet)
  4 bunyips
  A shambling mangrove (Swamp:4)
  Josephine (D:10)
  A rakshasa (D:13)
  A vault guard (D:14)
  17 hydras
  A ghost crab (Swamp:1)
  A hell beast (Lair:5)
  An ogre mage (D:15)
  A catoblepas (Lair:5)
  3 centaur warriors
  3 anacondas (Snake:1)
  5 boulder beetles
  3 alligators
  7 two-headed ogres
  11 death yaks
  2 spriggan berserkers (Swamp:2)
  2 tengu warriors (D:15)
  3 naga warriors
  2 shock serpents (Snake:1)
  A thrashing horror (Abyss:2)
  Urug (D:12)
  3 orc high priests (Orc:2)
  7 naga sharpshooters
  5 goliath frogs
  A wretched star (Abyss:2)
  A sea snake (shapeshifter) (Gauntlet)
  3 spriggan druids
  2 flayed ghosts (Swamp:4)
  6 bog bodies
  An orange crystal statue (Gauntlet)
  2 wizards
  2 spectral hydras (Swamp:4)
  9 swamp dragons
  2 deep elf pyromancers
  5 mana vipers (Snake:1)
  6 orc knights
  A wolf spider (D:13)
  4 manticores
  4 orc sorcerers (Orc:2)
  10 oklob plants
  3 salamanders
  2 cyclopes
  3 will-o-the-wisps
  12 ugly things
  12 elephants
  13 black mambas
  3 naga magi (Snake:2)
  An ice statue (IceCv)
  3 orange demons (Lair:5)
  2 guardian serpents
  11 cane toads
  13 komodo dragons
  2 kobold demonologists (D:10)
  4 rime drakes
  A tormentor (Abyss:2)
  4 death drake zombies (Swamp:4)
  An ancient zyme (Abyss:2)
  2 komodo dragons (shapeshifter)
  3 hydra zombies (Swamp:4)
  A red devil (Lair:5)
  An efreet (D:14)
  An ice devil (Lair:5)
  A tengu conjurer (D:14)
  7 trolls
  A queen bee (shapeshifter) (D:15)
  A bloated husk (Swamp:2)
  13 polar bears
  A hornet (Swamp:2)
  4 tyrant leeches
  A death drake skeleton (Swamp:4)
  11 blink frogs
  A centaur simulacrum (D:14)
  3 large abominations (Abyss:2)
  A ynoxinul (Abyss:2)
  3 wyverns
  2 spriggans (Swamp:2)
  46 yaks
  5 shadows
  6 wraiths
  4 hogs
  A basilisk (Lair:3)
  2 neqoxecs (Abyss:2)
  A yak (shapeshifter) (D:15)
  11 vampire mosquitoes
  A steam dragon (D:8)
  9 wargs
  17 swamp worms
  11 nagas
  3 hydra simulacra (Swamp:4)
  5 acid dragons
  16 water moccasins
  4 hell hounds (Lair:5)
  A floating eye (shapeshifter) (Gauntlet)
  8 swamp drakes
  36 orc warriors
  2 ice beasts
  A black bear (D:6)
  12 ogres
  2 small abominations (Abyss:2)
  18 wolves
  2 swamp dragon skeletons (Swamp:4)
  7 centaurs
  8 kobold brigands
  9 bullfrogs
  2 gnoll sergeants (D:8)
  5 scorpions
  7 wights
  5 howler monkeys
  3 electric eels
  2 vampire bats (D:5)
  A lava snake (D:8)
  2 hounds (D:5)
  Crazy Yiuf (D:7)
  A gnoll bouda (D:5)
  13 orc priests
  7 jellies
  9 iguanas
  15 orc wizards
  19 gnolls
  5 adders
  4 ufetubi
  An adder zombie (D:2)
  A worm (D:2)
  2 dart slugs (D:1)
  67 orcs
  3 ball pythons
  4 bats
  4 bat skeletons (D:5)
  A bat zombie (D:5)
  12 endoplasms
  2 giant cockroaches
  8 goblins
  9 hobgoblins
  6 quokkas
  A ball python skeleton (D:2)
  6 frilled lizards
  A giant cockroach zombie (D:2)
  A jackal skeleton (D:2)
  28 kobolds
  A quokka zombie (D:2)
  8 rats (D:1)
  A briar patch (Swamp:4)
  A bush (Lair:1)
  A starspawn tentacle (Abyss:2)
835 creatures vanquished.

Vanquished Creatures (collateral kills)
  Saint Roka (Orc:2)
  Gastronok (Lair:3)
  2 thorn hunters (Swamp:4)
  An orc warlord (Orc:2)
  A starcursed mass (Abyss:2)
  A shambling mangrove (Swamp:4)
  3 hydras
  A boulder beetle (D:14)
  A spriggan air mage (Swamp:3)
  An alligator (Swamp:1)
  2 naga warriors (Snake:1)
  A naga sharpshooter (Snake:1)
  2 spriggan druids
  A spectral hydra (Swamp:4)
  A swamp dragon (Swamp:4)
  2 naga ritualists (Snake:1)
  3 mana vipers (Snake:1)
  A salamander (Snake:1)
  2 elephants (Lair:5)
  7 black mambas (Snake:1)
  2 naga magi (Snake:1)
  A rime drake (Lair:5)
  An unseen horror (D:12)
  A komodo dragon (Lair:4)
  A hydra zombie (Swamp:4)
  A hornet (Swamp:2)
  A tyrant leech (Swamp:4)
  A spriggan (Swamp:2)
  2 yaks (IceCv)
  A hog (Swamp:3)
  A vampire mosquito (D:13)
  2 nagas
  A swamp drake (Swamp:2)
  3 orc warriors (Orc:2)
  A kobold brigand (D:7)
  A bullfrog (D:6)
  A necrophage (D:5)
  2 orc wizards
  A shadow imp (D:7)
  7 orcs
  A quokka (D:1)
  A kobold (D:7)
69 creatures vanquished.

Vanquished Creatures (others)
  A bog body (Swamp:2)
  A swamp dragon (Swamp:4)
  2 bloated husks
  A spriggan (Swamp:2)
  A sky beast (D:8)
  2 orcs (Orc:2)
  6 briar patches (Swamp:4)
  18 foxfires
  36 fungi
  37 plants
  4 starspawn tentacles (Abyss:2)
  9 toadstools (D:2)
  A withered plant (D:2)
119 creatures vanquished.

Grand Total: 1023 creatures vanquished

Notes
Turn   | Place    | Note
-------+----------+-------------------------------------------
     0 | D:1      | BubbleThief the Demonspawn Gladiator began the quest for
                  | the Orb.
     0 | D:1      | Reached XP level 1. HP: 16/16 MP: 1/1
   149 | D:1      | Gained mutation: A weak demonic guardian rushes to your
                  | aid. [demonic ancestry]
   149 | D:1      | Reached XP level 2. HP: 22/22 MP: 2/2
   619 | D:1      | Reached XP level 3. HP: 22/28 MP: 3/3
  1166 | D:1      | Found a burning altar of Makhleb.
  1304 | D:2      | Found a faded altar of an unknown god.
  1466 | D:2      | Reached XP level 4. HP: 34/34 MP: 4/4
  1523 | D:2      | Reached skill level 3 in Fighting
  1585 | D:2      | Gained mutation: Your movements are slightly less
                  | encumbered by armour. (ER -2) [demonic ancestry]
  1585 | D:2      | Reached XP level 5. HP: 32/41 MP: 5/5
  2525 | D:3      | Found a burning altar of Makhleb.
  2682 | D:3      | Became a worshipper of Makhleb the Destroyer
  2912 | D:4      | Found a staircase to the Ecumenical Temple.
  2936 | D:4      | Reached skill level 5 in Polearms
  2968 | D:4      | Reached skill level 4 in Fighting
  2968 | D:4      | Reached XP level 6. HP: 6/48 MP: 6/6
  2969 | D:4      | HP: 2/48 [poisoned by a scorpion]
  3191 | D:4      | Found a stormy altar of Qazlal.
  3261 | D:4      | Found a sparkling altar of Nemelex Xobeh.
  3553 | D:5      | Entered Level 5 of the Dungeon
  3828 | D:5      | Gained mutation: Your movements are less encumbered by
                  | armour. (ER -4) [demonic ancestry]
  3828 | D:5      | Reached XP level 7. HP: 28/49 MP: 7/7
  4088 | D:5      | Reached skill level 5 in Fighting
  4117 | D:5      | Reached * piety under Makhleb
  4356 | D:5      | Found an ancient bone altar of Kikubaaqudgha.
  4470 | D:5      | Found a shadowy altar of Dithmenos.
  4583 | D:5      | Reached XP level 8. HP: 14/63 MP: 8/8
  4921 | D:5      | Found an ornate altar of the Wu Jian Council.
  5019 | D:6      | Reached skill level 6 in Fighting
  5731 | D:6      | Found a basalt altar of Yredelemnul.
  6078 | D:6      | Reached skill level 7 in Fighting
  6078 | D:6      | Reached XP level 9. HP: 46/72 MP: 9/9
  6160 | D:6      | Found a basalt altar of Yredelemnul.
  6163 | D:6      | Found a shimmering blue altar of Sif Muna.
  6163 | D:6      | Found a shimmering altar of Xom.
  6165 | D:6      | Found a hazy altar of Hepliaklqana.
  6165 | D:6      | Found a hazy altar of Hepliaklqana.
  6453 | D:7      | Reached ** piety under Makhleb
  6904 | D:7      | Found Egara's Dragon-Slaying Spoils.
  6990 | D:7      | Found a broken altar of Ashenzari.
  7154 | D:7      | Reached skill level 10 in Polearms
  7543 | D:7      | Found a shimmering blue altar of Sif Muna.
  8021 | D:7      | Found a runed translucent door.
  8022 | D:7      | Noticed Crazy Yiuf
  8030 | D:7      | Killed Crazy Yiuf
  9138 | D:8      | Reached skill level 8 in Fighting
 10133 | D:9      | Found a snail-covered altar of Cheibriados.
 10133 | D:9      | Noticed a torpor snail
 10134 | D:9      | Noticed a torpor snail
 10136 | D:9      | Noticed a torpor snail
 10342 | D:9      | Found a sacrificial altar of Ru.
 10346 | D:9      | Reached *** piety under Makhleb
 10522 | D:9      | Gained mutation: A demonic guardian rushes to your aid.
                  | [demonic ancestry]
 10522 | D:9      | Reached XP level 10. HP: 82/82 MP: 10/10
 10803 | D:10     | Entered Level 10 of the Dungeon
 10904 | D:10     | Found a staircase to the Lair.
 11000 | D:10     | Reached skill level 9 in Fighting
 11421 | D:10     | Noticed an ice statue
 11421 | D:10     | Noticed an orange crystal statue
 11581 | D:10     | Noticed Josephine
 11610 | D:10     | Killed Josephine
 11625 | D:10     | Reached skill level 10 in Fighting
 12095 | Lair:1   | Entered Level 1 of the Lair of Beasts
 12116 | Lair:1   | Gained mutation: Your touch may inflict minor irresistible
                  | damage on your foes. [demonic ancestry]
 12116 | Lair:1   | Reached XP level 11. HP: 82/90 MP: 11/11
 12316 | Lair:1   | Noticed an oklob plant
 12628 | Lair:1   | Reached **** piety under Makhleb
 12830 | Lair:1   | Noticed an oklob plant
 13185 | Lair:2   | Reached skill level 11 in Fighting
 13248 | Lair:2   | Noticed a bog body
 13254 | Lair:2   | Killed a bog body
 13480 | Lair:2   | Found a staircase to the Snake Pit.
 13672 | Lair:2   | Noticed a seven-headed hydra
 13971 | Lair:3   | You fall into a shaft and drop 2 floors!
 13971 | Lair:5   | Entered Level 5 of the Lair of Beasts
 13980 | Lair:4   | Noticed an eight-headed hydra
 14056 | Lair:5   | Found a staircase to the Slime Pits.
 14159 | Lair:5   | Reached skill level 12 in Fighting
 14163 | Lair:5   | Reached XP level 12. HP: 102/102 MP: 12/12
 14330 | Lair:5   | Reached skill level 13 in Fighting
 14426 | Lair:5   | Noticed a boulder beetle
 14670 | Lair:4   | Killed an eight-headed hydra
 14671 | Lair:4   | Reached skill level 1 in Armour
 14834 | Lair:4   | Identified the +3 mace of the Many Stories {freeze, rPois
                  | MP+9 Str+3 Int+3}
 15196 | Lair:3   | Reached skill level 14 in Fighting
 15410 | Lair:3   | Noticed Gastronok
 15448 | Lair:2   | HP: 1/107 [seven-headed hydra (7)]
 15449 | Lair:2   | Killed a seven-headed hydra
 15453 | Lair:2   | HP: 1/108 [smoke demon/divine providence[the player
                  | character] (14)]
 15836 | Lair:2   | Reached skill level 1 in Invocations
 15843 | Lair:2   | Reached skill level 5 in Armour
 16049 | Lair:2   | Found a staircase to the Swamp.
 16611 | Lair:3   | Noticed a boulder beetle
 16622 | Lair:3   | Killed a boulder beetle
 16631 | Lair:3   | Gained mutation: Your touch may inflict irresistible damage
                  | on your foes. [demonic ancestry]
 16631 | Lair:3   | Reached XP level 13. HP: 92/114 MP: 15/15
 16931 | Lair:3   | Killed Gastronok
 17132 | Lair:4   | Noticed Rupert
 17157 | Lair:4   | Killed Rupert
 17890 | Lair:5   | Reached skill level 5 in Invocations
 18034 | Lair:5   | Reached skill level 15 in Fighting
 19181 | Abyss:2  | Cast into level 2 of the Abyss (a wizard)
 19261 | Abyss:2  | Noticed a hellephant
 19303 | Abyss:2  | Killed a hellephant
 19472 | Abyss:2  | Noticed a starcursed mass
 19550 | Abyss:2  | Reached ***** piety under Makhleb
 19551 | Abyss:2  | Reached skill level 16 in Fighting
 19811 | Abyss:2  | Noticed a tentacled starspawn
 19814 | Abyss:2  | Reached XP level 14. HP: 125/125 MP: 18/18
 19820 | Abyss:2  | Noticed a tentacled starspawn
 19830 | Abyss:2  | Killed a tentacled starspawn
 19835 | Abyss:2  | Killed a tentacled starspawn
 19874 | Lair:5   | Escaped the Abyss
 19884 | Lair:5   | Found a burning altar of Makhleb.
 20327 | Lair:5   | Found a gateway to Hell.
 21510 | D:11     | Reached skill level 10 in Armour
 21770 | D:11     | Reached skill level 17 in Fighting
 22412 | D:7      | Bought +0 pearl dragon scales for 1500 gold pieces
 22619 | D:12     | Noticed Urug
 22625 | D:12     | Killed Urug
 23005 | D:12     | Found Vybifron's Weapon Emporium.
 23005 | D:12     | Found a staircase to the Orcish Mines.
 23053 | D:12     | Found a frozen archway.
 23063 | IceCv    | Entered an ice cave
 23330 | IceCv    | Reached ****** piety under Makhleb
 23548 | IceCv    | Noticed a frost giant
 23576 | IceCv    | Killed a frost giant
 23577 | IceCv    | Reached XP level 15. HP: 87/136 MP: 19/19
 23842 | D:12     | Found Zugiopt's Armour Emporium.
 23861 | D:12     | Bought a +1 pair of gloves of infusion for 165 gold pieces
 24357 | D:13     | Identified the +0 pair of boots of Caprec {Regen+ rCorr
                  | Dex-2}
 24380 | D:13     | Reached skill level 18 in Fighting
 24620 | D:13     | Found Batsupt's Antique Weapon Shop.
 24622 | D:13     | Found a gate leading to a gauntlet.
 24636 | Gauntlet | Entered a Gauntlet
 24636 | Gauntlet | Found a transporter.
 24660 | Gauntlet | Found a transporter.
 24671 | Gauntlet | Found a transporter.
 24674 | Gauntlet | Found a transporter.
 24686 | Gauntlet | Found a transporter.
 24698 | Gauntlet | Found a runed translucent door.
 24702 | Gauntlet | Found a transporter.
 24713 | Gauntlet | Found a transporter.
 24723 | Gauntlet | Found a transporter.
 24737 | Gauntlet | Found a transporter.
 24746 | Gauntlet | Found a transporter.
 24750 | Gauntlet | Found a transporter.
 24763 | Gauntlet | Found a transporter.
 24813 | Gauntlet | Found a transporter.
 24889 | Gauntlet | Identified the +1 pair of boots "Omunuy" {rCorr}
 24990 | D:13     | Found a shadowy altar of Dithmenos.
 25820 | D:14     | Found a gate to the Vaults.
 25955 | D:15     | Entered Level 15 of the Dungeon
 26466 | D:15     | Reached skill level 5 in Dodging
 26646 | D:15     | Found a staircase to the Depths.
 27226 | Orc:1    | Entered Level 1 of the Orcish Mines
 27710 | Orc:2    | Entered Level 2 of the Orcish Mines
 27967 | Orc:2    | Found Duss's Antique Weapon Shop.
 27995 | Orc:2    | Found a staircase to the Elven Halls.
 28049 | Orc:2    | Found Refoh's Assorted Antiques.
 28057 | Orc:2    | Bought an amethyst potion for 24 gold pieces
 28063 | Orc:2    | Found Wonegi's Antique Armour Shoppe.
 28130 | Orc:2    | Bought a heavily runed scale mail for 216 gold pieces
 28130 | Orc:2    | Identified the +7 scale mail of Huxi {Rampage} (You bought
                  | it in a shop on level 2 of the Orcish Mines)
 28194 | Orc:2    | Reached skill level 10 in Invocations
 28210 | Orc:2    | Found Waagu's General Store.
 28250 | Orc:2    | Bought a scroll of teleportation for 30 gold pieces
 28461 | Orc:2    | Found Rudidagh's Book Boutique.
 28503 | Orc:2    | Noticed Saint Roka
 28538 | Orc:2    | Gained mutation: Your touch may irresistibly damage your
                  | foes and sap their willpower. [demonic ancestry]
 28538 | Orc:2    | Reached XP level 16. HP: 143/144 MP: 21/23
 28613 | Orc:2    | Killed Saint Roka
 29019 | Swamp:1  | Entered Level 1 of the Swamp
 29631 | Swamp:2  | Noticed Frances
 29631 | Swamp:2  | Noticed Mlioglotl
 29960 | Swamp:2  | Killed Mlioglotl
 30064 | Swamp:2  | Killed Frances
 30673 | Swamp:3  | Identified the +3 chain mail "Nanuyl" {Str-2 Int+3 Slay+3
                  | SInv}
 31233 | Swamp:4  | Entered Level 4 of the Swamp
 31257 | Swamp:4  | Identified the +5 long sword "Uqasekhl Karu" {holy, Int+5}
 31260 | Swamp:4  | Noticed a thorn hunter
 31282 | Swamp:4  | Killed a thorn hunter
 31509 | Swamp:4  | Noticed Kirke
 31776 | Swamp:4  | Killed Kirke
 31811 | Swamp:4  | Gained mutation: You regenerate a little health from kills.
                  | [demonic ancestry]
 31811 | Swamp:4  | Reached XP level 17. HP: 117/151 MP: 27/27
 31833 | Swamp:4  | Paralysed by something for 3 turns
 31835 | Swamp:4  | HP: 6/151 [something (20)]
 32181 | Swamp:4  | HP: 4/145 [thorn hunter/volley of thorns (27)]
 32512 | Swamp:4  | Found a blossoming altar of Fedhas.
 32541 | Swamp:4  | Found a basalt altar of Yredelemnul.
 32596 | Swamp:4  | Got a decaying rune of Zot
 32650 | Swamp:4  | Paralysed by a vampire knight for 3 turns
 32812 | Snake:1  | Entered Level 1 of the Snake Pit
 33115 | Snake:1  | Reached skill level 19 in Fighting
 33123 | Snake:1  | Reached skill level 15 in Invocations
 33659 | Snake:2  | Found Ajicaf's Book Boutique.
 33706 | Snake:2  | Noticed Louise
 33733 | Snake:2  | Killed Louise
 33925 | Snake:2  | Reached skill level 15 in Armour
 34267 | Snake:2  | Noticed Vashnia
 34392 | Snake:2  | HP: 5/153 [naga sharpshooter/bolt[Vashnia] (22)]
 34393 | Snake:2  | Shot with a bolt by a naga sharpshooter

Illustrated notes

Levels and vault maps discovered:
D:1:      dpeg_arrival_water_altar, layout_basic, minmay_rat_gold_closets
D:2:      cheibrodos_fertilizer, layout_basic, serial_undead, serial_undead_c,
          serial_undead_f, serial_undead_a, serial_undead_f, serial_undead_c,
          hellmonk_ecumenical_altar_defaced_shrine
D:3:      layout_basic, lightli_temple_of_fire, minmay_misc_feat_alley
D:4:      layout_gridville, mainiacjoe_overflow_alcove_1,
          nicolae_overflow_squiral, minmay_temple_entry_trees
D:5:      layout_cave_pools, nicolae_wu_jian_glorious_leap, lemuel_doored_altar,
          kennysheep_vampire_church, dk_noncrumbling_3
D:6:      layout_basic, mainiacjoe_overflow_surrounded_room,
          doesnt_xom_only_xom, hangedman_abyss_or_decor_passed,
          minmay_a_box_with_orc_wizards_in_it
D:7:      layout_basic, nicolae_ashenzari_panopticon, tgw_sif,
          minmay_misc_feat_enclosed, nicolae_shop_dragon_depot,
          nicolae_elevator_lobby_asterisk, uniq_crazy_yiuf_cottage
D:8:      layout_cave_pods, mrwooster_statue_mirror, kennysheep_generic_room_9
D:9:      layout_gridville, mainiacjoe_overflow_catwalk, cheibriados_altar_2,
          kennysheep_generic_room_15
D:10:     layout_irregular_city, lair_entry_dummy, david_greed, uniq_josephine
D:11:     layout_roguey [special_room_orc]
D:12:     layout_basic, orc_david_3, portal_ice_cave_entry_pillars_1, uniq_urug
D:13:     layout_loops_ring, gauntlet_entry_generic, serial_shops, shop,
          nicolae_dithmenos_shadow_blocks
D:14:     layout_basic, david_vaults_5
D:15:     grunt_enter_depths_snipers, layout_loops_ring, wad_woods_river_04,
          drop_trap, nicolae_figureground_pulse
Lair:1:   minmay_lair_oklob_tunnel, layout_regular_city,
          minmay_lair_oklob_items, st_stairs_6, grunt_megastairs_3
Lair:2:   beast_lair_carwin_large_2, layout_regular_city,
          nicolae_swamp_entry_splash_gauntlet,
          minmay_snake_entry_guardpost_large, minivault_24,
          nicolae_lair_grove_arrangements
Lair:3:   layout_loops_ring, uniq_gastronok
Lair:4:   layout_gridlike, serial_bayou_shore_a, uniq_rupert
Lair:5:   evil_forest, layout_cellular_growth, nicolae_slime_entry_field_trip,
          nicolae_quartered_pool_super
Swamp:1:  nicolae_swamp_decorative_isthmus, layout_basic_swamp,
          evilmike_swamp_ruin_house_5, nicolae_swamp_fairy_circle
Swamp:2:  layout_basic_swamp, serial_swamp_ruin, hangedman_swamp_ruin_wall,
          evilmike_swamp_ruin_wall, uniq_frances, uniq_mlioglotl
Swamp:3:  layout_basic_swamp, nicolae_swamp_very_dense_foliage, swamp_pool1
Swamp:4:  byrel_swamp_growth_death_and_undeath, layout_basic_swamp, swamp_pool1,
          infiniplex_staircase_pool, uniq_kirke
Snake:1:  layout_rooms, nicolae_snake_linked_coils, drop_trap
Snake:2:  layout_grid_maze, nrook_guardian_serpent_ordinary, minmay_shop_star,
          uniq_vashnia, uniq_louise
Orc:1:    layout_caves
Orc:2:    grunt_orc_gardens, layout_diamond_mine, grunt_orc_garden,
          grunt_orc_garden, grunt_orc_garden, grunt_orc_garden, serial_shops,
          shop, uniq_saint_roka

Skill      XL: |  1  2  3  4  5  6  7  8  9 10 11 12 13 14 15 16 17 |
---------------+----------------------------------------------------+-----
Polearms       | 3 4 5 6 7 9 11 13 14 | 14.5
Fighting       | 3 4 5 7 8 10 12 14 16 17 18 19 | 19.3
Armour         | 5 8 11 12 14 15 | 15.0
Invocations    | 2 6 10 13 15 | 15.6
Dodging        | 6 9 |  9.0
Throwing       | |  1.7

Action                     |  1- 3 |  4- 6 |  7- 9 | 10-12 | 13-15 | 16-18 || total
---------------------------+-------+-------+-------+-------+-------+-------++-------
  Melee: Trident           |   151 |   245 |   354 |   474 |  1200 |   856 ||  3280
         Punch             |     3 |     4 |     2 |     9 |    17 |    11 ||    46
         Halberd           |       |       |   159 |       |       |       ||   159
         Touch             |       |       |       |    72 |   212 |   152 ||   436
         Glaive            |       |       |       |       |       |    19 ||    19
         Unarmed           |       |       |       |       |       |     1 ||     1
  Throw: Throwing net      |       |     1 |     3 |     2 |       |       ||     6
 Invoke: Lesser Servant of |       |       |       |     2 |     6 |     3 ||    11
         Major Destruction |       |       |       |       |     4 |     5 ||     9
         Greater Servant o |       |       |       |       |     1 |     7 ||     8
  Evoke: Wand              |       |       |       |     5 |     2 |       ||     7
    Use: Potion            |       |     3 |       |     1 |     6 |     6 ||    16
         Scroll            |       |     2 |    12 |     8 |    11 |     6 ||    39
   Stab: Sleeping          |     5 |     1 |       |       |       |       ||     6
         Held in net/web   |       |       |     1 |       |       |       ||     1
         Distracted        |       |       |       |     1 |     3 |     5 ||     9
         Petrified         |       |       |       |       |     1 |       ||     1
 Armour: Leather armour    |    34 |    50 |    30 |       |       |       ||   114
         Ring mail         |       |       |    69 |    30 |       |       ||    99
         Chain mail        |       |       |       |   124 |   142 |       ||   266
         Pearl dragon scal |       |       |       |       |   394 |   826 ||  1220
  Dodge: Dodged            |    71 |    97 |   174 |   161 |   483 |   723 ||  1709
  Block: Other             |       |    34 |    97 |    90 |   129 |       ||   350
         Reflection        |       |       |     3 |       |     5 |       ||     8

Table legend: (Time is in decaauts)
 A = Elapsed time spent in this place.
 B = Non-inter-level travel time spent in this place.
 C = Inter-level travel time spent in this place.
 D = Time resting spent in this place.
 E = Time spent auto-exploring this place.
 F = Levels seen in this place.
 G = Mean time per level.
                   A        B        C        D        E       F      G
               +--------+--------+--------+--------+--------+-----+--------+
         Total |  34531 |  32909 |   1622 |   3710 |  22101 |  31 | 1113.9 |
       Dungeon |  17008 |  16176 |    832 |   1295 |  11716 |  15 | 1133.9 |
          Lair |   8697 |   8201 |    496 |    968 |   5911 |   5 | 1739.4 |
         Swamp |   3932 |   3726 |    206 |    642 |   1995 |   4 |  983.0 |
     Snake Pit |   1580 |   1551 |     29 |    125 |    947 |   2 |  790.0 |
  Orcish Mines |   1627 |   1570 |     57 |    219 |    967 |   2 |  813.5 |
         Abyss |    678 |    678 |      0 |    420 |     80 |   1 |  678.0 |
      Ice Cave |    729 |    729 |      0 |      0 |    427 |   1 |  729.0 |
      Gauntlet |    275 |    275 |      0 |     38 |     56 |   1 |  275.0 |
               +--------+--------+--------+--------+--------+-----+--------+

Top non-repeatable levels by time:
  Lair:5: 2811 daAuts
     D:7: 2506 daAuts
  Lair:2: 1775 daAuts
  Lair:1: 1665 daAuts
     D:8: 1443 daAuts
    D:10: 1427 daAuts
  Lair:4: 1288 daAuts
     D:4: 1238 daAuts
     D:5: 1217 daAuts
     D:1: 1204 daAuts
 Swamp:3: 1191 daAuts
    D:15: 1176 daAuts
     D:6: 1166 daAuts
  Lair:3: 1157 daAuts
 Swamp:4: 1150 daAuts
